 Dungeon Crawl Stone Soup version 0.24.0-41-g2ae2f7f1be (webtiles) character file.

Game seed: 4708965869888943071, levelgen mode: deterministic

131695 DildoBatman the Eclecticist (level 17, -4/129 HPs)
             Began as a Formicid Wizard on Dec 12, 2019.
             Was an Initiate of Gozag.
             Killed from afar by Arachne (43 damage)
             ... with a bolt of poison
             ... on level 2 of the Spider Nest.
             The game lasted 01:55:31 (29136 turns).

DildoBatman the Eclecticist (Formicid Wizard)      Turns: 29136, Time: 01:55:31

Health: -4/129     AC: 16    Str: 16      XL:     17   Next: 67%
Magic:  8/48       EV: 22    Int: 22      God:    Gozag
Gold:   5220       SH: 11    Dex: 17 (18) Spells: 13/52 levels left

rFire    . . .     SeeInvis +   b - +2 arbalest (flame)
rCold    . . .     Gourm    .   G - +0 shield {reflect}
rNeg     . . .     Faith    .   o - +4 troll leather armour
rPois    .         Spirit   .   (helmet unavailable)
rElec    .         Reflect  +   c - +1 cloak
rCorr    .         Harm     .   H - +1 pair of gloves of Icaydus {MR+ Dex+4}
MR       ++...                  t - +0 pair of boots
Stlth    +++.......             r - amulet of regeneration
HPRegen  1.11/turn              F - ring of magical power
MPRegen  0.31/turn              N - +3 ring of strength

@: agile, lethally poisoned (-4 -> -38), very slightly contaminated
A: permanent stasis, dig shafts and tunnels, four strong arms, antennae 3, dopey
1
a: Dig, Shaft Self, Potion Petition, Call Merchant, Bribe Branch, Renounce
Religion


You were on level 2 of the Spider Nest.
You worshipped Gozag.
Gozag was greatly pleased with you.
You were full.

You visited 5 branches of the dungeon, and saw 26 of its levels.
You also visited: Sewer and Gauntlet.

You collected 7818 gold pieces.
You spent 1927 gold pieces at shops.
You paid 671 gold pieces to Gozag.

Inventory:

Hand Weapons
 a - a +5 trident
 b - a +2 arbalest of flaming (weapon)
Missiles
 d - 255 bolts (quivered)
 y - 11 arrows
Armour
 c - a +1 cloak (worn)
 g - a scarf of resistance
 o - a +4 troll leather armour (worn)
 t - a +0 pair of boots (worn)
 G - a +0 shield of reflection (worn)
 H - the +1 pair of gloves of Icaydus (worn) {MR+ Dex+4}
   (You bought it in a shop on level 2 of the Orcish Mines)

   It affects your dexterity (+4).
   It affects your resistance to hostile enchantments.
Magical Staves
 Q - an uncursed staff of air
Jewellery
 h - an uncursed ring of stealth
 r - an amulet of regeneration (around neck)
 D - an uncursed ring of protection from cold
 F - a ring of magical power (left hand)
 N - a +3 ring of strength (right hand)
Wands
 s - a wand of acid (33)
 u - a wand of clouds (6)
 A - a wand of iceblast (17)
 M - a wand of scattershot (4)
Scrolls
 e - 2 scrolls of brand weapon {unknown}
 j - 4 scrolls of fear {unknown}
 l - a scroll of enchant armour
 n - 6 scrolls of amnesia
 x - 6 scrolls of remove curse
 z - 5 scrolls of identify
 B - 2 scrolls of immolation {unknown}
 C - 5 scrolls of magic mapping {unknown}
 S - 2 scrolls of acquirement {unknown}
 T - a scroll of summoning {unknown}
 U - 8 scrolls of fog
 V - a scroll of torment {unknown}
 Y - 2 scrolls of silence {unknown}
Potions
 i - 3 potions of magic
 k - a potion of flight {unknown}
 m - 3 potions of mutation {unknown}
 p - 8 potions of curing
 q - a potion of heal wounds
 w - 2 potions of ambrosia {unknown}
 I - 3 potions of might {unknown}
 J - a potion of berserk rage {unknown}
 L - 3 potions of agility {unknown}
 O - 4 potions of cancellation
 X - a potion of brilliance {unknown}
Miscellaneous
 f - 2 boxes of beasts
 P - a lightning rod (4/4)
 W - a phial of floods
 Z - a lamp of fire
Comestibles
 v - 9 rations


   Skills:
 - Level 10.4 Fighting
 - Level 10.0 Armour
 - Level 8.0 Dodging
 - Level 2.4 Stealth
 - Level 9.1 Shields
 - Level 18.2 Spellcasting
 - Level 6.0 Conjurations
   Level 1.0 Summonings
 * Level 10.3 Necromancy
   Level 0.8 Translocations
 - Level 5.0 Fire Magic
 - Level 5.0 Air Magic
 * Level 10.3 Earth Magic


You had 13 spell levels left.
You knew the following spells:

 Your Spells              Type           Power        Failure   Level  Hunger
a - Conjure Flame         Conj/Fire      #####...     1%          3    None
b - Borgnjor's Vile Clut  Necr/Erth      ######....   1%          5    None
c - Bolt of Draining      Conj/Necr      ######....   3%          5    None
d - Vampiric Draining     Necr           ######....   1%          3    None
e - Mephitic Cloud        Conj/Pois/Air  #####...     1%          3    None
f - Bolt of Magma         Conj/Fire/Erth ######....   4%          5    None
h - Dispel Undead         Necr           ######..     1%          5    None
i - Necromutation         Tmut/Necr      #####.....   100%        8    #######
z - Sublimation of Blood  Necr           ######....   1%          2    None

Your spell library contained the following spells:

 Spells                   Type           Power        Failure   Level  Hunger
 Magic Dart               Conj           ####         1%          1    None
 Pain                     Necr           ####         1%          1    None
 Sandblast                Erth           ######       1%          1    None
 Summon Small Mammal      Summ           ###.         1%          1    None
 Corpse Rot               Necr           N/A          1%          2    None
 Passwall                 Tmut/Erth      #####...     1%          2    None
 Stone Arrow              Conj/Erth      ######       1%          3    None
 Animate Dead             Necr           N/A          1%          4    None
 Agony                    Necr           ######..     1%          5    None
 Lee's Rapid Deconstruct  Erth           ######....   1%          5    None
 Beastly Appendage        Tmut           ###...       3%          1    None
 Confusing Touch          Hex            ###...       3%          1    None
 Corona                   Hex            ###....      3%          1    None
 Call Imp                 Summ           ###.....     3%          2    None
 Inner Flame              Hex/Fire       ####....     3%          3    None
 Leda's Liquefaction      Hex/Erth       #####.....   3%          4    None
 Petrify                  Tmut/Erth      #####...     3%          4    None
 Slow                     Hex            ###.....     4%          2    None
 Sticks to Snakes         Tmut           ###.....     4%          2    None
 Ignite Poison            Fire/Tmut/Pois ####....     4%          3    None
 Call Canine Familiar     Summ           ###.....     6%          3    None
 Gell's Gravitas          Tloc           ###.......   6%          3    None
 Portal Projectile        Hex/Tloc       ###...       8%          3    None
 Summon Guardian Golem    Hex/Summ       ###.....     8%          3    None
 Confuse                  Hex            ###.....     9%          3    None
 Spider Form              Tmut/Pois      ###.......   9%          3    None
 Fulminant Prism          Conj/Hex       ####......   9%          4    None
 Summon Lightning Spire   Summ/Air       ####....     9%          4    None
 Fireball                 Conj/Fire      #####.....   9%          5    None
 Excruciating Wounds      Chrm/Necr      #####.....   10%         5    None
 Iron Shot                Conj/Erth      ######....   16%         6    ####...
 Summon Ice Beast         Ice/Summ       ###.....     24%         4    None
 Iskenderun's Battlesphe  Conj/Chrm      ####....     24%         5    None
 Venom Bolt               Conj/Pois      ####......   24%         5    None
 Silence                  Hex/Air        ####......   28%         5    None
 Cause Fear               Hex            ###.......   30%         4    None
 Ice Form                 Ice/Tmut       ###.....     30%         4    None
 Bolt of Fire             Conj/Fire      #####.....   43%         6    ####...
 Alistair's Intoxication  Tmut/Pois      ###.....     63%         5    None
 Blade Hands              Tmut           ###.......   63%         5    None
 Metabolic Englaciation   Hex/Ice        ###.......   63%         5    None
 Yara's Violent Unravell  Hex/Tmut       ###.......   63%         5    None
 Orb of Destruction       Conj           #####.....   91%         7    #####..
 Haunt                    Necr/Summ      #####.....   94%         7    #####..
 Borgnjor's Revivificati  Necr           ######....   96%         8    #######
 Infestation              Necr           ######....   96%         8    #######
 Spellforged Servitor     Conj/Summ      #####.....   99%         7    #####..
 Ring of Flames           Chrm/Fire      ####......   100%        7    #####..
 Death's Door             Chrm/Necr      #####.....   100%        8    #######
 Ignition                 Fire           #####.....   100%        8    #######
 Blink                    Tloc           Unusable     N/A         2    N/A

Dungeon Overview and Level Annotations

Branches:
Dungeon (15/15)            Temple (1/1) D:5            Lair (6/6) D:10
  Swamp (0/4) Lair:2       Spider (2/4) Lair:4        Slime (0/5) Lair:5
    Orc (2/2) D:10            Elf (0/3) Orc:2        Vaults (0/5) D:13
 Depths (0/5) D:15          Sewer (visited)         Gauntlet (visited)

Altars:
Ashenzari
Cheibriados
Dithmenos
Elyvilon
Fedhas
Gozag
Hepliaklqana
Kikubaaqudgha
Makhleb
Nemelex Xobeh
Okawaru
Qazlal
Ru
Sif Muna
Trog
Uskayaw
Vehumet
Wu Jian
Xom
Yredelemnul
Zin
The Shining One
Beogh

Shops:
D:6 **   D:10 (   D:12 =   Orc:2 *[(*:

Annotations:
Spider:2 Arachne


Innate Abilities, Weirdness & Mutations

You cannot be hasted, slowed, berserked, paralysed or teleported.
You can dig through walls and to a lower floor.
Your four strong arms can wield two-handed weapons with a shield.
You have a pair of large antennae on your head. (SInv)
You are dopey. (Int -2)


Message History

Okay, then.
The web tears apart.
The zombie hands constrict Arachne!
You feel very sick.
Arachne says, "Come closer, little fly."
Arachne hits you but does no damage. You block Arachne's attack.
The zombie hands constrict Arachne!
You feel very sick.
Arachne struggles to escape constriction.
The zombie hands constrict Arachne!
You feel very sick.
The orb of destruction hits Arachne!!!
Arachne says, "Come to my web."
Arachne escapes!
Arachne stares at you and mumbles some strange words.
The bolt of poison hits you!!!
You are more poisoned.
You die...
Your body crumbles into a pile of gold.

### ##.# $ ##.##
##.## ##@## #.
###..# ##..
######..H.# ....#
#..#^#...<## ....
#..#^☼○....#
#...#....○..#.##
#..#..s○...#(#
.#.#....°.#####^.
.....>.(### #..$


You could see Arachne and an orb spider.

Vanquished Creatures
  Saint Roka (Orc:2)
  Rupert (D:13)
  Gastronok (D:8)
  Kirke (D:11)
  Donald (Orc:2)
  A ghost moth (Spider:1)
  An emperor scorpion (Spider:1)
  An entropy weaver (Spider:2)
  A vampire knight (D:12)
  A minotaur (Gauntlet)
  A dire elephant (Lair:4)
  Azrael (D:13)
  A fire dragon (Lair:6)
  Snorg (Lair:3)
  An ettin (D:12)
  A yaktaur captain (D:12)
  3 rakshasas
  6 hydras
  A death knight (D:13)
  A catoblepas (D:13)
  2 centaur warriors (D:15)
  7 two-headed ogres
  A tengu warrior (D:12)
  The ghost of Henning the Basher, a journeyman GrFi of Okawaru (D:10)
  5 death yaks (Lair:2)
  2 orc high priests (Orc:2)
  Urug (Lair:6)
  Nergalle (Orc:2)
  3 skeletal warriors (D:15)
  An unseen horror (shapeshifter) (D:15)
  4 unseen horrors
  5 wolf spiders
  8 orb spiders
  2 lindwurms
  A manticore (D:11)
  5 orc knights
  A wolf spider zombie (D:15)
  19 ugly things
  An oklob plant (Gauntlet)
  2 deep elf magi
  3 orc sorcerers
  5 cyclopes
  21 elephants
  A cyclops (shapeshifter) (D:14)
  Maurice (D:9)
  4 black mambas
  2 moths of wrath
  3 spiny frogs
  2 centaur zombies
  2 gargoyles (D:12)
  A catoblepas zombie (Lair:3)
  9 torpor snails
  A minotaur zombie (Gauntlet)
  4 komodo dragons
  A yaktaur (shapeshifter) (D:15)
  A rime drake (Lair:4)
  A freezing wraith (D:15)
  A yaktaur (D:12)
  A demonic crawler (Spider:1)
  A catoblepas skeleton (Lair:5)
  A meliai (shapeshifter) (D:12)
  A death yak skeleton (Lair:5)
  11 jumping spiders
  10 slime creatures
  A blink frog (shapeshifter) (D:12)
  9 trolls
  Prince Ribbit (D:8)
  2 hydra skeletons (Lair:5)
  2 raiju (Gauntlet)
  7 hornets (Lair:6)
  17 hippogriffs
  5 blink frogs (Lair:5)
  15 dream sheep
  5 tyrant leeches
  8 redbacks
  4 tarantellas (Spider:2)
  A centaur simulacrum (D:12)
  A black mamba zombie (Lair:4)
  6 wyverns
  2 vampires
  25 yaks
  A shadow (D:12)
  A wraith (D:13)
  Grum (D:8)
  2 fire elementals (D:13)
  7 hogs (D:12)
  17 humans
  4 hungry ghosts
  Eustachio (D:6)
  A black mamba skeleton (Lair:5)
  A golden eye (shapeshifter) (D:12)
  4 basilisks
  A warg (shapeshifter) (D:15)
  12 vampire mosquitoes
  A swamp worm (Lair:2)
  5 wargs
  4 spiny frog zombies
  3 acid dragons
  12 water moccasins
  5 hell hounds (D:13)
  31 orc warriors
  9 porcupines
  A blink frog zombie (Lair:3)
  A black bear (shapeshifter) (D:15)
  5 ice beasts
  A hornet zombie (D:9)
  7 sky beasts
  4 black bears
  A necrophage (D:11)
  An eye of draining (D:12)
  4 spiny frog skeletons
  2 dream sheep zombies (Lair:3)
  A centaur (shapeshifter) (D:13)
  16 ogres
  14 wolves
  3 boggarts (D:15)
  7 centaurs
  A dream sheep skeleton (Lair:5)
  16 crocodiles
  A hippogriff zombie (Lair:3)
  2 komodo dragon zombies (Lair:4)
  25 bullfrogs
  4 big kobolds
  A komodo dragon skeleton (Lair:1)
  A rime drake skeleton (Gauntlet)
  A hippogriff skeleton (Lair:4)
  A wyvern skeleton (D:8)
  2 scorpions
  7 water moccasin zombies
  A yak zombie (Lair:1)
  2 water moccasin skeletons
  7 killer bees (D:9)
  A troll skeleton (Gauntlet)
  9 wights
  A yak skeleton (Gauntlet)
  5 howler monkeys
  A lava snake (D:14)
  8 crimson imps
  A bullfrog zombie (Lair:4)
  A quasit (D:7)
  A gnoll shaman (D:8)
  A basilisk zombie (Lair:1)
  2 bullfrog skeletons
  22 orc priests
  10 hounds
  2 iguanas
  4 jellies
  5 centaur skeletons
  A basilisk skeleton (Lair:1)
  26 orc wizards
  A porcupine zombie (Lair:4)
  A lightning spire (Gauntlet)
  15 worker ants
  A crocodile zombie (Lair:1)
  A crocodile skeleton (Lair:5)
  3 hound zombies
  A hound skeleton (D:6)
  14 adders
  15 gnolls
  2 river rats (D:6)
  A howler monkey skeleton (D:8)
  6 shadow imps
  12 oozes
  An adder zombie (D:5)
  A worm (D:3)
  A dart slug (D:3)
  23 leopard geckos
  94 orcs
  10 ball pythons
  9 bats
  12 giant cockroaches
  7 hobgoblins
  21 jackals
  6 quokkas
  10 frilled lizards
  12 goblins
  9 kobolds
  10 rats
  4 fungi
  3 plants (D:10)
968 creatures vanquished.

Vanquished Creatures (collateral kills)
  2 killer bees (D:9)
2 creatures vanquished.

Vanquished Creatures (others)
  A centaur warrior (D:13)
  A two-headed ogre (D:9)
  An unseen horror (D:15)
  A cyclops (D:15)
  A centaur simulacrum (D:13)
  An orc wizard (Orc:2)
  2 fungi (Lair:5)
  16 plants
  8 toadstools (Lair:4)
32 creatures vanquished.

Grand Total: 1002 creatures vanquished

Notes
Turn   | Place    | Note
-------+----------+-------------------------------------------
     0 | D:1      | DildoBatman the Formicid Wizard began the quest for the
                  | Orb.
     0 | D:1      | Reached XP level 1. HP: 13/13 MP: 4/4
    10 | D:1      | Reached skill level 1 in Conjurations
   231 | D:1      | Reached XP level 2. HP: 19/19 MP: 0/6
   740 | D:1      | Reached XP level 3. HP: 24/24 MP: 4/7
   745 | D:1      | Learned a level 3 spell: Conjure Flame
   749 | D:1      | Learned a level 3 spell: Mephitic Cloud
  1608 | D:2      | Found an ancient bone altar of Kikubaaqudgha.
  1613 | D:2      | Became a worshipper of Kikubaaqudgha
  1777 | D:2      | Reached XP level 4. HP: 30/30 MP: 3/8
  1832 | D:2      | Found a basalt altar of Yredelemnul.
  2119 | D:2      | Found a glowing silver altar of Zin.
  2235 | D:3      | Reached XP level 5. HP: 31/35 MP: 7/9
  2704 | D:3      | Reached * piety under Kikubaaqudgha
  2704 | D:3      | Identified Kikubaaqudgha's Guide on Unholy Secrets
                  | (Kikubaaqudgha gifted it to you on level 3 of the Dungeon)
  2704 | D:3      | Received a gift from Kikubaaqudgha
  2891 | D:3      | Reached XP level 6. HP: 30/41 MP: 3/10
  3202 | D:3      | Found a sparkling altar of Nemelex Xobeh.
  3279 | D:3      | Reached skill level 5 in Conjurations
  3279 | D:3      | Reached skill level 1 in Fire Magic
  3279 | D:3      | Reached skill level 1 in Air Magic
  3737 | D:4      | Found a hide-covered altar of Uskayaw.
  3740 | D:4      | Found a shimmering altar of Xom.
  3744 | D:4      | Found a bloodstained altar of Trog.
  3976 | D:4      | Reached ** piety under Kikubaaqudgha
  3976 | D:4      | Reached XP level 7. HP: 44/46 MP: 5/11
  4202 | D:5      | Entered Level 5 of the Dungeon
  4450 | D:5      | Reached XP level 8. HP: 51/52 MP: 1/12
  4465 | D:5      | Found a staircase to the Ecumenical Temple.
  4665 | Temple   | Entered the Ecumenical Temple
  5209 | D:6      | Reached skill level 5 in Fire Magic
  5302 | D:6      | Reached XP level 9. HP: 43/57 MP: 6/13
  5340 | D:6      | Reached skill level 5 in Air Magic
  5498 | D:6      | Found a glowing drain.
  5547 | Sewer    | Entered a sewer
  5555 | Sewer    | Reached *** piety under Kikubaaqudgha
  5555 | Sewer    | Identified Kikubaaqudgha's Almanac of Sinister Secrets
                  | (Kikubaaqudgha gifted it to you in a sewer)
  5555 | Sewer    | Received a gift from Kikubaaqudgha
  5564 | Sewer    | Reached skill level 1 in Necromancy
  6228 | Sewer    | Reached **** piety under Kikubaaqudgha
  6444 | D:6      | Found Gaypukk's Assorted Antiques.
  6574 | D:6      | Noticed Eustachio
  6587 | D:6      | Killed Eustachio
  6754 | D:6      | Found an opulent altar of Gozag.
  6757 | D:6      | Found Gozag's Platinum Reserve.
  6796 | D:6      | Reached skill level 5 in Necromancy
  7139 | D:6      | Bought a scroll labeled YNGOGA EHIDATH for 24 gold pieces
  7139 | D:6      | Bought a scroll labeled KOFUGE HOIDOCK for 24 gold pieces
  7139 | D:6      | Bought a viscous yellow potion for 21 gold pieces
  7139 | D:6      | Bought a scroll labeled WEOGHOT XUNOD for 24 gold pieces
  7139 | D:6      | Bought an inky potion for 21 gold pieces
  7139 | D:6      | Bought a scroll labeled DODOET KUYNOQUPY for 24 gold pieces
  7139 | D:6      | Bought a golden potion for 21 gold pieces
  7636 | D:7      | Learned a level 2 spell: Sublimation of Blood
  7642 | D:7      | Learned a level 5 spell: Dispel Undead
  8163 | D:8      | Noticed Prince Ribbit
  8185 | D:8      | Killed Prince Ribbit
  8185 | D:8      | Reached XP level 10. HP: 54/63 MP: 13/14
  8423 | D:8      | Noticed Grum
  8463 | D:8      | Killed Grum
  8473 | D:8      | Reached skill level 4 in Spellcasting
  8694 | D:8      | Got a heavily jewelled robe
  8721 | D:8      | Reached skill level 5 in Spellcasting
  8772 | D:8      | Noticed Gastronok
  8841 | D:9      | Reached skill level 6 in Spellcasting
  8870 | D:9      | Noticed Maurice
  8883 | D:9      | Killed Maurice
  8883 | D:9      | Reached skill level 7 in Spellcasting
  8919 | D:9      | Identified the +1 robe of Hiehopp {*Slow rF+ Int+8 Dex+2}
                  | (You found it on level 8 of the Dungeon)
  8962 | D:9      | Reached ***** piety under Kikubaaqudgha
  8970 | D:9      | Learned a level 5 spell: Borgnjor's Vile Clutch
  8974 | D:9      | Learned a level 3 spell: Vampiric Draining
  9054 | D:9      | Reached skill level 1 in Earth Magic
  9079 | D:9      | Noticed a two-headed ogre
  9082 | D:9      | Reached XP level 11. HP: 55/68 MP: 4/21
  9084 | D:9      | Killed a two-headed ogre
  9111 | D:9      | Reached skill level 5 in Earth Magic
  9128 | D:9      | HP: 2/68 [wight/cursed +3 halberd (5)]
  9800 | D:8      | Killed Gastronok
  9819 | D:10     | Entered Level 10 of the Dungeon
  9856 | D:10     | Found a staircase to the Lair.
 10007 | D:10     | Found a staircase to the Orcish Mines.
 10118 | D:10     | Noticed a two-headed ogre
 10132 | D:10     | Killed a two-headed ogre
 10132 | D:10     | Reached skill level 10 in Earth Magic
 10238 | D:10     | Found Huudir's Weapon Boutique.
 10357 | D:10     | Found a runed translucent gate.
 10358 | D:10     | Found a runed translucent gate.
 10358 | D:10     | Noticed Henning's ghost (journeyman GrFi)
 10359 | D:10     | Found a runed translucent gate.
 10360 | D:10     | Identified the cursed +0 trident "Vegyir" {drain, rN++
                  | Str+6 Stlth+}
 10360 | D:10     | Identified the +9 plate armour of Trog's Reproof {Str+4}
 10362 | D:10     | Found a roughly hewn altar of Beogh.
 10372 | D:10     | Killed Henning's ghost
 10372 | D:10     | Reached skill level 10 in Necromancy
 10513 | D:10     | Noticed a red ugly thing
 10515 | D:10     | Reached skill level 1 in Fighting
 10515 | D:10     | Reached skill level 1 in Armour
 10522 | D:10     | Killed a red ugly thing
 10522 | D:10     | Reached XP level 12. HP: 39/77 MP: 0/22
 10637 | D:10     | Got a pair of translucent gloves
 10643 | D:10     | Identified the cursed +0 pair of gloves of Indomitability
                  | {rF+} (You found it on level 10 of the Dungeon)
 11023 | Orc:1    | Entered Level 1 of the Orcish Mines
 11043 | Orc:1    | Found a bloodstained altar of Trog.
 11349 | Orc:2    | Entered Level 2 of the Orcish Mines
 11359 | Orc:2    | Found Vyluw's General Store.
 11363 | Orc:2    | Found a staircase to the Elven Halls.
 11488 | Orc:2    | Noticed Donald
 11585 | Orc:2    | Killed Donald
 11669 | Orc:2    | Reached skill level 1 in Shields
 11897 | Orc:2    | Reached ****** piety under Kikubaaqudgha
 11934 | Orc:1    | Received a gift from Kikubaaqudgha
 11935 | Orc:1    | Fell from the grace of Kikubaaqudgha
 12126 | D:6      | Became a worshipper of Gozag Ym Sagoz the Greedy
 12370 | Lair:1   | Entered Level 1 of the Lair of Beasts
 12549 | Lair:1   | Reached skill level 5 in Shields
 13109 | Lair:2   | Found a staircase to the Swamp.
 13219 | Lair:2   | Reached XP level 13. HP: 64/88 MP: 13/23
 13271 | Lair:2   | Reached skill level 5 in Fighting
 13271 | Lair:2   | Reached skill level 5 in Armour
 13314 | Lair:2   | Reached skill level 5 in Dodging
 13913 | Lair:3   | Found a gate leading to a gauntlet.
 13944 | Gauntlet | Entered a Gauntlet
 13944 | Gauntlet | Found a transporter.
 13944 | Gauntlet | Found a transporter.
 13944 | Gauntlet | Found a transporter.
 13965 | Gauntlet | Found a transporter.
 13978 | Gauntlet | Found a transporter.
 13987 | Gauntlet | Noticed a seven-headed hydra
 13988 | Gauntlet | Found a transporter.
 14007 | Gauntlet | Found a transporter.
 14011 | Gauntlet | Found a transporter.
 14014 | Gauntlet | Found a transporter.
 14016 | Gauntlet | Found a transporter.
 14017 | Gauntlet | Noticed a catoblepas
 14022 | Gauntlet | Found a transporter.
 14025 | Gauntlet | Found a transporter.
 14422 | Gauntlet | Got a pair of smoking boots
 14466 | Gauntlet | Identified the -1 pair of boots of Remetul {*Corrode rPois
                  | rN++ Str+3} (You found it in a Gauntlet)
 14481 | Gauntlet | Noticed a minotaur
 14489 | Gauntlet | Killed a minotaur
 14695 | Lair:3   | Noticed Snorg
 14710 | Lair:3   | Killed Snorg
 14931 | Lair:3   | Found a snail-covered altar of Cheibriados.
 15580 | Lair:4   | Reached XP level 14. HP: 99/101 MP: 13/24
 15623 | Lair:4   | Noticed a dire elephant
 15645 | Lair:4   | Found a runed translucent door.
 15934 | Lair:4   | Found a hole to the Spider Nest.
 16715 | Lair:4   | Killed a dire elephant
 16723 | Lair:4   | Identified the Almanac of Envenoming and Curses
 16805 | Lair:4   | Got a pitted short sword
 16807 | Lair:4   | Identified the cursed +1 short sword of Gallantry {venom,
                  | MP+9} (You found it on level 4 of the Lair of Beasts)
 16888 | Lair:5   | Found a staircase to the Slime Pits.
 17602 | Lair:5   | Was forgiven by Kikubaaqudgha
 18129 | D:6      | Bought a scroll of amnesia for 84 gold pieces
 18129 | D:6      | Bought a scroll of fog for 48 gold pieces
 18129 | D:6      | Bought a scroll of identify for 48 gold pieces
 18241 | Orc:2    | Bought a scroll of enchant armour for 90 gold pieces
 18332 | Orc:2    | Noticed Nergalle
 18555 | Orc:2    | Killed Nergalle
 18565 | Orc:2    | Reached skill level 10 in Armour
 18582 | Orc:2    | Found a roughly hewn altar of Beogh.
 18585 | Orc:2    | Noticed Saint Roka
 18648 | Orc:2    | Killed Saint Roka
 18648 | Orc:2    | Reached skill level 10 in Fighting
 18648 | Orc:2    | Reached skill level 8 in Spellcasting
 18709 | Orc:2    | Found Peantur's Antique Weapon Shop.
 18716 | Orc:2    | Found Safaco's Book Shop.
 18722 | Orc:2    | Reached XP level 15. HP: 82/112 MP: 20/27
 18724 | Orc:2    | Gained mutation: You are dopey. (Int -2) [a neqoxec]
 18747 | Orc:2    | Reached skill level 9 in Spellcasting
 18795 | Orc:2    | Found Xaome's Antique Armour Shop.
 18941 | Orc:2    | Found a roughly hewn altar of Beogh.
 19179 | Orc:2    | Found Becet's General Store.
 19185 | Orc:2    | Bought a scroll of fog for 32 gold pieces
 19301 | Orc:2    | Bought a pair of polished gloves for 351 gold pieces
 19312 | Orc:2    | Identified the +1 pair of gloves of Icaydus {MR+ Dex+4}
                  | (You bought it in a shop on level 2 of the Orcish Mines)
 19329 | Orc:2    | Bought a crystal broad axe for 270 gold pieces
 19329 | Orc:2    | Bought a polished war axe for 255 gold pieces
 19330 | Orc:2    | Identified the cursed +3 broad axe "Plog" {chop, +Blink
                  | rN+} (You bought it in a shop on level 2 of the Orcish
                  | Mines)
 19332 | Orc:2    | Identified the cursed +1 war axe "Ciats" {drain, Dex+4}
                  | (You bought it in a shop on level 2 of the Orcish Mines)
 19513 | Lair:6   | Entered Level 6 of the Lair of Beasts
 19639 | Lair:6   | Noticed Urug
 19655 | Lair:6   | Killed Urug
 19738 | Lair:6   | Reached skill level 10 in Spellcasting
 20265 | Lair:6   | Found a runed translucent door.
 20287 | Lair:6   | Reached skill level 11 in Spellcasting
 20980 | D:11     | Reached skill level 12 in Spellcasting
 21780 | Orc:2    | Bought a ration for 60 gold pieces
 21818 | Orc:2    | Bought a ration for 80 gold pieces
 22035 | D:12     | Noticed Kirke
 22444 | D:12     | Reached skill level 13 in Spellcasting
 22778 | D:12     | Found Bocruita's Jewellery Emporium.
 23022 | D:12     | Reached XP level 16. HP: 118/118 MP: 33/33
 23758 | D:12     | Bought an uncursed amulet of regeneration for 450 gold
                  | pieces
 23784 | D:13     | Found a gate to the Vaults.
 23784 | D:13     | Noticed Rupert
 23901 | D:13     | Reached skill level 14 in Spellcasting
 23980 | D:13     | Noticed Azrael
 23996 | D:13     | Killed Azrael
 24655 | D:13     | Reached skill level 15 in Spellcasting
 24670 | D:13     | Killed Rupert
 25570 | D:14     | Found a shadowy altar of Dithmenos.
 25766 | D:14     | Reached skill level 16 in Spellcasting
 26005 | D:14     | Found a shattered altar of Ashenzari.
 26227 | D:14     | Found a shimmering blue altar of Sif Muna.
 26397 | D:15     | Entered Level 15 of the Dungeon
 26419 | D:15     | Reached XP level 17. HP: 124/124 MP: 37/37
 26655 | D:15     | Found a staircase to the Depths.
 27182 | D:15     | Reached skill level 17 in Spellcasting
 27324 | D:15     | Found a glowing silver altar of Zin.
 27338 | D:15     | Learned a level 5 spell: Bolt of Draining
 27344 | D:15     | Learned a level 5 spell: Bolt of Magma
 27353 | D:15     | Learned a level 8 spell: Necromutation
 27877 | D:11     | Killed Kirke
 27996 | Spider:1 | Entered Level 1 of the Spider Nest
 28875 | Spider:2 | Reached skill level 18 in Spellcasting
 29118 | Spider:2 | Noticed Arachne
 29136 | Spider:2 | Killed from afar by Arachne

Levels and vault maps discovered:
D:1:      dpeg_chamrin_arrival_tetris, layout_loops_ring,
          hangedman_abyss_or_decor_stabs, grunt_decor_one_mirror,
          solitary_fountain
D:2:      layout_rooms, lemuel_doored_altar, amethyst_overflow_temple_binary
D:3:      kennysheep_goblin_castle, layout_loops_ring, first_ration,
          nemelex_lonely_heart_becter
D:4:      layout_rooms, nicolae_overflow_hidden_temple,
          hangedman_abyss_or_decor_jellyfish_corner, st_stairs_14
D:5:      layout_rooms, minmay_temple_entry_tees, hangedman_decor_points
D:6:      minmay_evil_eye, layout_basic, gup_sewer_entry_spiral, serial_shops,
          nicolae_shop_stone, nicolae_gozag_zags_fifth_avenue, uniq_eustachio
D:7:      layout_loops_ring
D:8:      layout_basic, uniq_grum, uniq_gastronok, uniq_prince_ribbit1
D:9:      layout_basic, uniq_maurice
D:10:     layout_loops_corners, dpeg_oklobed_lair, erik_orc_4, serial_shops,
          nicolae_shop_waterfront, biasface_ghost_orc_armoury
D:11:     layout_irregular_city
D:12:     kennysheep_snake, layout_long_grid, serial_shops, shop, uniq_kirke
D:13:     layout_basic, david_vaults_3, serial_rivers,
          chequers_serial_rivers_marsh, chequers_serial_rivers_small_b,
          chequers_serial_rivers_small_b, chequers_serial_rivers_marsh,
          chequers_serial_rivers_small_b, hangedman_ranch
          [blue_anna_fruit_fields], due_unseen_surprise, uniq_azrael
D:14:     layout_basic, basic_altar, grunt_dithmenos_smoke_and_mirrors,
          nicolae_ashenzari_panopticon
D:15:     gammafunk_enter_depths_forms, layout_basic, old_standard_altar
Temple:   nicolae_temple_elliptical
Lair:1:   layout_roguey
Lair:2:   layout_hall_layers, minmay_swamp_entry_worms
Lair:3:   layout_small_grid, gauntlet_entry_generic, kennysheep_snail_temple,
          uniq_snorg
Lair:4:   gammafunk_lair_enchanted_lake, layout_small_grid, spider_nest_entry_a
Lair:5:   layout_cave_pods, minmay_slime_entry_pillars
Lair:6:   wormcave, layout_gridlike, infiniplex_staircase_pool_2, uniq_urug
Spider:1: layout_spider_delve
Spider:2: layout_spider_delve, ebering_ghost_reflecting_pool, uniq_arachne,
          uniq_asterion, uniq_nikola
Orc:1:    layout_diamond_mine, basic_altar
Orc:2:    grunt_orc_cross, layout_caves, serial_shops, nicolae_shop_trees,
          library_closet, mines1_david, uniq_donald

Skill      XL: |  1  2  3  4  5  6  7  8  9 10 11 12 13 14 15 16 17 |
---------------+----------------------------------------------------+-----
Conjurations   | 1 2 3 4 5 6 |  6.0
Fire Magic     | 1 3 5 |  5.0
Air Magic      | 1 2 4 5 |  5.0
Necromancy     | 8 9 10 | 10.3
Spellcasting   | 7 8 13 16 18 | 18.2
Earth Magic    | 3 10 | 10.3
Dodging        | 2 4 6 8 |  8.0
Fighting       | 1 4 7 10 | 10.4
Armour         | 1 4 7 10 | 10.0
Shields        | 7 9 |  9.1
Stealth        | |  2.4
Summonings     | |  1.0
Translocations | |  0.8

Action                   |  1- 3 |  4- 6 |  7- 9 | 10-12 | 13-15 | 16-18 || total
-------------------------+-------+-------+-------+-------+-------+-------++-------
Melee: Dagger            |    21 |       |     9 |       |       |       ||    30
       Short sword       |       |    18 |       |       |       |       ||    18
       Halberd           |       |    57 |   372 |   160 |       |       ||   589
       Rapier            |       |       |    25 |     6 |       |       ||    31
       Trident           |       |       |       |   207 |   763 |   645 ||  1615
 Fire: Hunting sling     |       |    11 |    34 |       |       |       ||    45
       Arbalest          |       |       |       |       |       |    19 ||    19
Throw: Dart              |       |     9 |     1 |     5 |       |       ||    15
       Javelin           |       |       |       |       |     1 |       ||     1
 Cast: Magic Dart        |    81 |    90 |   136 |    51 |    88 |     3 ||   449
       Mephitic Cloud    |       |     6 |    26 |    33 |    36 |    50 ||   151
       Conjure Flame     |       |     5 |    48 |    54 |    76 |    85 ||   268
       Dispel Undead     |       |       |       |     5 |     3 |     8 ||    16
       Borgnjor's Vile C |       |       |       |    56 |   168 |    69 ||   293
       Sublimation of Bl |       |       |       |     8 |    25 |    10 ||    43
       Vampiric Draining |       |       |       |     7 |    12 |       ||    19
Invok: Receive Necronomi |       |       |       |     1 |       |       ||     1
       Renounce Religion |       |       |       |     1 |       |       ||     1
       Potion Petition   |       |       |       |       |     1 |     1 ||     2
 Abil: Dig               |     2 |    11 |    24 |    32 |    25 |    13 ||   107
Evoke: Wand              |       |       |       |    10 |       |     6 ||    16
       Lamp of fire      |       |       |       |       |       |     1 ||     1
  Use: Scroll            |       |       |     5 |     9 |     6 |     5 ||    25
       Potion            |       |       |       |     2 |     2 |     6 ||    10
 Stab: Confused          |       |     3 |     9 |     8 |     9 |    18 ||    47
       Sleeping          |       |       |     1 |     3 |     2 |     2 ||     8
       Distracted        |       |       |       |       |     6 |     3 ||     9
       Petrified         |       |       |       |       |       |     4 ||     4
  Eat: Chunk             |     3 |     9 |    20 |    29 |       |       ||    61
       Ration            |       |       |     1 |     3 |    21 |     7 ||    32
Armor: Robe              |     7 |    10 |    45 |    18 |       |       ||    80
       Leather armour    |       |       |    45 |    24 |       |       ||    69
       Troll leather arm |       |       |       |     8 |   240 |   143 ||   391
Dodge: Dodged            |    40 |    51 |   225 |   129 |   487 |   264 ||  1196
Block: Shield            |       |       |       |    19 |   457 |   254 ||   730
       Reflection        |       |       |       |       |    10 |    12 ||    22
